 Dungeon Crawl Stone Soup version 0.21-a0-186-g02e8684 (webtiles) character file.

99 FrankyJ the Skirmisher (level 4, -1/41 HPs)
             Began as a Hill Orc Monk on Aug 13, 2017.
             Was a Believer of Wu Jian.
             Killed from afar by Ijyb (14 damage)
             ... with a wand of lightning (?/15)
             ... on level 3 of the Dungeon.
             The game lasted 00:06:35 (2973 turns).

FrankyJ the Skirmisher (Hill Orc Monk)              Turns: 2973, Time: 00:06:35

Health: -1/41      AC:  6    Str: 14    XL:     4   Next: 72%
Magic:  4/4        EV: 13    Int: 10    God:    Wu Jian [**....]
Gold:   128        SH:  0    Dex: 13    Spells: 3/3 levels left

rFire    . . .     SeeInvis .   a - +0 hand axe
rCold    . . .     Gourm    .   (no shield)
rNeg     . . .     Faith    .   j - +0 leather armour
rPois    .         Spirit   .   i - +2 hat
rElec    .         Reflect  .   (no cloak)
rCorr    .         Harm     .   (no gloves)
MR       .....                  d - +0 pair of boots (curse)
Stlth    ++........             (no amulet)
HPRegen  0.13/turn              (no ring)
MPRegen  0.09/turn              (no ring)

@: no status effects
A: no striking features
a: Renounce Religion


You were on level 3 of the Dungeon.
You worshipped Wu Jian.
Wu Jian was pleased with you.
You were hungry.

You visited 1 branch of the dungeon, and saw 3 of its levels.

You collected 128 gold pieces.

Inventory:

Hand Weapons
 a - a +0 hand axe (weapon)
 g - a +2 whip of venom
Armour
 b - a +0 robe
 d - a cursed +0 pair of boots (worn)
 i - a +2 hat (worn)
 j - a +0 leather armour (worn)
 n - a +0 scale mail
Scrolls
 e - a scroll of magic mapping
 l - 2 scrolls of identify
Comestibles
 c - 5 bread rations
 h - 2 royal jellies
 m - a meat ration


   Skills:
 + Level 4.7 Fighting
 - Level 4.0 Axes
 - Level 2.1 Armour
 - Level 3.0 Dodging
 - Level 2.1 Stealth


You had 3 spell levels left.
You didn't know any spells.

Dungeon Overview and Level Annotations

Branches:
Dungeon (3/15)

Altars:
Fedhas
Nemelex Xobeh
Ru
Wu Jian

Annotations:
D:3 Ijyb; strifetoe's ghost, amateur TrMo


Message History

You barely miss the bat. The bat barely misses you. Ijyb barely misses you.
A worm comes into view.
You hit Ijyb but do no damage.
Ijyb is lightly wounded.
You hit the bat. The bat misses you. The bat hits you but does no damage.
Ijyb screams, "I no like you!" Ijyb hits you but does no damage.
The worm moves out of view.
You have no room to wall jump.
The bat completely misses you. The bat completely misses you.
The bat barely misses you.
You spin and attack the bat.
You miss the bat.
The bat is moderately wounded.
The bat barely misses you. The bat hits you but does no damage.
The bat closely misses you.
Ijyb zaps a wand.
The bolt of lightning hits the bat.
The bat dies!
The bolt of lightning misses you.
Ijyb zaps a wand.
The bolt of lightning hits you!
You die...

##...#.#..## #
.......g...## ### #
###.#####...######.. #.
#.[.........##...#
##)########†...#..#.#.#
##...#.#.#.#.#.#.#.#.#.#
#.......................
#...##.#.#g#.#.#.#.#.#.#
#....<.@................
#..###.#.#.#.#.#.#.#.#.#
#.......................
##W......####...######..
......#.### #...# ##.
>.......# #...# ##
####..### #...# # #..
#...# # #. #...# #


You could see Ijyb and strifetoe's ghost.

Vanquished Creatures
  4 adders
  A worm (D:2)
  2 dart slugs
  2 leopard geckos
  4 giant cockroaches (D:2)
  7 goblins
  4 hobgoblins
  7 jackals
  A quokka (D:2)
  A ball python (D:1)
  5 bats
  4 frilled lizards
  3 kobolds
  6 rats
51 creatures vanquished.

Vanquished Creatures (others)
  A bat (D:3)
1 creature vanquished.

Grand Total: 52 creatures vanquished

Notes
Turn   | Place    | Note
-------+----------+-------------------------------------------
     0 | D:1      | FrankyJ the Hill Orc Monk began the quest for the Orb.
     0 | D:1      | Reached XP level 1. HP: 19/19 MP: 1/1
    70 | D:1      | HP: 1/20 [goblin/club (3)]
   455 | D:1      | Reached XP level 2. HP: 21/27 MP: 2/2
   974 | D:1      | Reached XP level 3. HP: 30/33 MP: 3/3
  1223 | D:2      | Found a sparkling altar of Nemelex Xobeh.
  1442 | D:2      | Reached skill level 1 in Armour
  1918 | D:2      | Found a blossoming altar of Fedhas.
  2099 | D:2      | Found a sacrificial altar of Ru.
  2158 | D:2      | Reached XP level 4. HP: 37/40 MP: 4/4
  2612 | D:3      | Noticed strifetoe's ghost (amateur TrMo)
  2635 | D:2      | Found an ornate altar of the Wu Jian Council.
  2640 | D:2      | Became a worshipper of the Wu Jian Council
  2640 | D:2      | Reached * piety under Wu Jian
  2640 | D:2      | Reached ** piety under Wu Jian
  2937 | D:3      | Noticed Ijyb
  2973 | D:3      | Killed from afar by Ijyb

Vault maps used:
D:1:      nagdon_arrival_zigzag_paths
D:2:      lemuel_upstairs_altar, fedhas_altar_3, marbit_many_paths,
          lemuel_round_altar, first_bread, minivault_14
D:3:      old_standard_altar, st_stairs_13, kennysheep_generic_room_14,
          uniq_ijyb

Skill      XL: |  1  2  3 |
---------------+----------+-----
Stealth        | 2 |  2.1
Fighting       | 4 |  4.7
Dodging        | 3 |  3.0
Armour         | 2 |  2.1
Axes           | |  4.0

Action                   |  1- 3 |  4- 6 || total
-------------------------+-------+-------++-------
Melee: Hand axe          |   145 |    61 ||   206
  Use: Scroll            |     2 |     2 ||     4
       Potion            |     1 |       ||     1
 Stab: Sleeping          |     5 |     1 ||     6
  Eat: Chunk             |     4 |     2 ||     6
Armor: Robe              |    17 |       ||    17
       Leather armour    |    18 |    20 ||    38
Dodge: Dodged            |   107 |    56 ||   163
